 Dungeon Crawl Stone Soup version 0.28-a0-973-ga7f8b01127 (webtiles) character file.

Game seed: 12101757398779342138

478 vineage the Skirmisher (level 7, -4/47 HPs)
             Began as a Gargoyle Fighter on Dec 1, 2021.
             Slain by a lemure (6 damage)
             ... led by Pikel
             ... on level 3 of the Dungeon.
             The game lasted 00:04:54 (4278 turns).

vineage the Skirmisher (Gargoyle Fighter)           Turns: 4278, Time: 00:04:55

Health: -4/47      AC: 12    Str: 19    XL:     7   Next: 11%
Magic:  7/7        EV:  9    Int:  9    God:
Gold:   157        SH:  4    Dex: 11    Spells: 6/6 levels left

rFire   . . .      SeeInvis .   a - +0 flail
rCold   . . .      Faith    .   c - +0 buckler
rNeg    + . .      Spirit   .   b - +0 scale mail
rPois   ∞          Reflect  .   (no helmet)
rElec   +          Harm     .   h - +0 cloak
rCorr   .          Rampage  .   (no gloves)
Will    .....                   (no boots)
Stlth   ..........              (no amulet)
HPRegen 0.15/turn               (no ring)
MPRegen 0.10/turn               (no ring)

@: no status effects
A: sickness immunity, AC +4, negative energy resistance 1, electricity
resistance, torment resistance 1, petrification resistance
a: no special abilities


You were on level 3 of the Dungeon.
You visited 1 branch of the dungeon, and saw 4 of its levels.

You collected 157 gold pieces.

Inventory:

Hand Weapons
 a - a +0 flail (weapon)
 d - a +1 falchion of flaming
Armour
 b - a +0 scale mail (worn)
 c - a +0 buckler (worn)
 h - a +0 cloak (worn)
Scrolls
 e - a scroll of magic mapping
 i - a scroll of enchant armour


   Skills:
 + Level 6.5 Fighting
 + Level 5.4 Maces & Flails
 - Level 3.2 Armour
 - Level 3.2 Shields


You had 6 spell levels left.
You didn't know any spells.
Your spell library contained the following spells:

 Spells                   Type           Power      Damage    Failure   Level
 Slow                     Hex            0%         N/A       78%         1
 Confusing Touch          Hex            0%         N/A       98%         3
 Vampiric Draining        Necr           0%         2d6       98%         3


Dungeon Overview and Level Annotations

Branches:
Dungeon (4/15)
 Temple: D:4-7

Altars:
Fedhas

Shops:
D:2 [

Annotations:
D:4 Pikel


Innate Abilities, Weirdness & Mutations

You are immune to sickness and miasma.
Your stone body is resilient. (AC +4)
You are immune to poison.
You resist negative energy. (rN+)
You are resistant to electric shocks. (rElec)
You are resistant to unholy torment.
You are immune to petrification.


Message History

The lemure is severely wounded.
The lemure hits you but does no damage.
You barely miss the lemure.
The lemure is severely wounded.
The lemure hits you.
* * * LOW HITPOINT WARNING * * *
You sock the lemure!
You kill the lemure!
That felt strangely unrewarding.
The lemure hits you but does no damage.
You hit the lemure but do no damage. The lemure hits you but does no damage.
You hit the lemure.
The lemure is lightly wounded.
The lemure closely misses you.
You barely miss the lemure.
The lemure is lightly wounded.
The lemure barely misses you.
You hit the lemure.
The lemure is moderately wounded.
The lemure closely misses you.
You barely miss the lemure.
The lemure is moderately wounded.
The lemure barely misses you.
You hit the lemure.
The lemure is heavily wounded.
The lemure hits you.
* * * LOW HITPOINT WARNING * * *
You thump the lemure!
The lemure is severely wounded.
The lemure hits you.
* * * LOW HITPOINT WARNING * * *
You block the lemure's attack.
Okay, then.
You aren't carrying any potions.
You barely miss the lemure.
The lemure is severely wounded.
You block the lemure's attack.
You closely miss the lemure.
The lemure is severely wounded.
The lemure hits you.
You die...

###### ##....# ######
#.....# #....#
#.....####....#########
#......55@(...........####
##....####....###.........
#....####....###.#.###'##
#>...)[............#.....
#..######....###.#.#.....
#.[# #....# #.#.#.._..
##..########### #.#.#.....
#........# #.#.#.....
#........# #.#.######


You could see 2 lemures.

Vanquished Creatures
  Eustachio (D:3)
  A lemure (D:3)
  A scorpion (D:3)
  An orc priest (D:3)
  Crazy Yiuf (D:3)
  Terence (D:3)
  2 orc wizards
  Robin (D:3)
  4 adders (D:2)
  2 worms (D:2)
  3 orcs
  5 endoplasms
  3 giant cockroaches
  13 goblins
  15 hobgoblins
  2 jackals (D:1)
  11 kobolds
  3 quokkas
  9 ball pythons
  4 bats
  2 frilled lizards
  5 rats
90 creatures vanquished.

Vanquished Creatures (others)
  An orc wizard (D:2)
1 creature vanquished.

Grand Total: 91 creatures vanquished

Notes
Turn   | Place    | Note
-------+----------+-------------------------------------------
     0 | D:1      | vineage the Gargoyle Fighter began the quest for the Orb.
     0 | D:1      | Reached XP level 1. HP: 14/14 MP: 1/1
   140 | D:1      | Reached XP level 2. HP: 19/19 MP: 2/2
   674 | D:1      | Reached XP level 3. HP: 24/24 MP: 3/3
   773 | D:1      | Reached skill level 4 in Fighting
  1066 | D:2      | Reached XP level 4. HP: 27/30 MP: 4/4
  1606 | D:2      | Reached XP level 5. HP: 34/34 MP: 5/5
  1620 | D:2      | Found Alyosyvi's Antique Armour Shop.
  2167 | D:3      | Reached skill level 5 in Fighting
  2190 | D:3      | Found a blossoming altar of Fedhas.
  2625 | D:3      | Noticed Terence
  2633 | D:3      | Killed Terence
  2848 | D:3      | Noticed Robin
  2880 | D:3      | Reached XP level 6. HP: 29/40 MP: 6/6
  2904 | D:3      | Killed Robin
  3641 | D:3      | Found a runed translucent door.
  3642 | D:3      | Noticed Crazy Yiuf
  3854 | D:3      | Killed Crazy Yiuf
  3923 | D:4      | Noticed Eustachio
  3923 | D:4      | Noticed Pikel
  3999 | D:3      | Killed Eustachio
  4000 | D:3      | Reached skill level 6 in Fighting
  4000 | D:3      | Reached skill level 5 in Maces & Flails
  4252 | D:3      | Reached XP level 7. HP: 36/47 MP: 7/7
  4275 | D:3      | HP: 2/47 [lemure[Pikel] (6)]
  4278 | D:3      | Slain by a lemure

Illustrated notes

Levels and vault maps discovered:
D:1:      evilmike_arrival_rings, layout_basic
D:2:      layout_rooms, serial_shops, shop, minmay_tromino_i4
D:3:      layout_basic, amcnicky_altar_gilded, uniq_terence, uniq_robin,
          uniq_crazy_yiuf_cottage
D:4:      layout_rooms, riverfiend_overflow_shadow_ancestor,
          minmay_crystal_water, minmay_mini_jars, uniq_eustachio, uniq_pikel,
          uniq_edmund

Skill      XL: |  1  2  3  4  5  6 |
---------------+-------------------+-----
Fighting       | 4 5 6 |  6.5
Maces & Flails | 3 4 5 |  5.4
Armour         | |  3.2
Shields        | |  3.2

Action                   |  1- 3 |  4- 6 |  7- 9 || total
-------------------------+-------+-------+-------++-------
Melee: Flail             |   100 |   269 |    26 ||   395
  Use: Scroll            |       |     5 |       ||     5
       Potion            |       |     5 |       ||     5
Armor: Scale mail        |    71 |   169 |    11 ||   251
       Skin              |       |     5 |       ||     5
Dodge: Dodged            |    42 |   126 |     6 ||   174
Block: Buckler           |    20 |    83 |     3 ||   106

Table legend: (Time is in decaauts)
 A = Elapsed time spent in this place.
 B = Non-inter-level travel time spent in this place.
 C = Inter-level travel time spent in this place.
 D = Time resting spent in this place.
 E = Time spent auto-exploring this place.
 F = Levels seen in this place.
 G = Mean time per level.
                   A        B        C        D        E       F      G
               +--------+--------+--------+--------+--------+-----+--------+
         Total |   4366 |   4157 |    209 |    461 |   2880 |   4 | 1091.5 |
       Dungeon |   4366 |   4157 |    209 |    461 |   2880 |   4 | 1091.5 |
               +--------+--------+--------+--------+--------+-----+--------+

Top non-repeatable levels by time:
     D:3: 2387 daAuts
     D:1: 998 daAuts
     D:2: 976 daAuts
     D:4: 4 daAuts
